[ AOE2 MATCH · #513735898 ]
UnrankedRomans vs Byzantines
Player's team · WIN
[ REPLAY ANALYSIS · EXTRACTED FROM THE RECORDED GAME ]
Feudal
9:32
Castle
—
Imperial
—
| APM avg | 62.5 |
| APM peak | 118 |
| eAPM avg | 29.3 |
| Villagers / military | 39 / 13 |
Focus
⚔️ 35.7% · 🌾 64.3%
Archer ×10 · Militia ×3
Feudal
11:50
Castle
—
Imperial
—
| APM avg | 106.8 |
| APM peak | 164 |
| eAPM avg | 52.6 |
| Villagers / military | 37 / 11 |
Focus
⚔️ 76.0% · 🌾 24.0%
Skirmisher ×7 · Archer ×4
Match map
Initial resources + every placement click. Lines = walls · curves = elevation contours. ◆ gold · ⬟ stone · ● berries · ✦ relic · ◌ wall gap
Your base· Open — unwalled flank
stockfish's base· Open — 3t gap
Smoothed initial terrain · ◌ = detected wall gap · hover for details
Inputs per minute
— Darth Maul - - stockfish
Build order — Darth Maul
112 actions detected in the replay
| 0:00 | queue | Villager (Male) |
| 0:02 | Build | House |
| 0:02 | Build | House |
| 0:06 | queue | Villager (Male) |
| 0:06 | queue | Villager (Male) |
| 0:13 | queue | Villager (Male) |
| 0:13 | queue | Villager (Male) |
| 0:24 | Research | Loom |
| 0:26 | Research | Loom |
| 0:27 | queue | Villager (Male) |
| 0:36 | queue | Villager (Male) |
| 1:33 | queue | Villager (Male) |
| 1:56 | Build | House |
| 2:17 | queue | Villager (Male) |
| 2:30 | queue | Villager (Male) |
| 3:11 | queue | Villager (Male) |
| 3:24 | Build | Lumber Camp |
| 3:37 | queue | Villager (Male) |
| 4:07 | Build | House |
| 4:15 | queue | Villager (Male) |
| 4:15 | queue | Villager (Male) |
| 4:26 | queue | Villager (Male) |
| 5:01 | queue | Villager (Male) |
| 5:45 | Build | Mill |
| 5:50 | queue | Villager (Male) |
| 6:04 | Build | House |
| 6:11 | queue | Villager (Male) |
| 6:45 | Build | House |
| 6:50 | queue | Villager (Male) |
| 7:22 | Research | Feudal Age |
| 7:22 | Research | Feudal Age |
| 7:47 | Build | Barracks |
| 8:04 | Build | Palisade Wall |
| 8:22 | Build | Mining Camp |
| 8:25 | Build | Palisade Wall |
| 8:45 | queue | Militia |
| 8:45 | queue | Militia |
| 9:08 | Build | Mill |
| 9:14 | Build | Palisade Wall |
| 9:27 | queue | Villager (Male) |
| 9:32 | Age | Feudal Age |
| 9:33 | Build | Archery Range |
| 9:36 | queue | Militia |
| 9:52 | Build | House |
| 10:14 | queue | Villager (Male) |
| 10:22 | Build | Blacksmith |
| 10:25 | queue | Archer |
| 10:45 | queue | Villager (Male) |
| 10:46 | Build | Palisade Wall |
| 10:46 | Build | Palisade Wall |
| 10:49 | Build | House |
| 10:58 | queue | Archer |
| 11:07 | Build | Palisade Wall |
| 11:08 | Build | Palisade Wall |
| 11:09 | Build | Palisade Wall |
| 11:10 | Build | Palisade Wall |
| 11:15 | queue | Villager (Male) |
| 11:35 | queue | Archer |
| 11:44 | queue | Villager (Male) |
| 11:46 | Build | Palisade Wall |
| 11:47 | Build | Palisade Wall |
| 11:47 | Build | Palisade Wall |
| 12:03 | queue | Archer |
| 12:05 | queue | Villager (Male) |
| 12:09 | Build | Palisade Wall |
| 12:16 | Build | Farm |
| 12:29 | Research | Fletching |
| 12:34 | Build | Farm |
| 12:35 | Build | Farm |
| 12:47 | queue | Villager (Male) |
| 12:50 | Build | Farm |
| 13:02 | Build | House |
| 13:03 | queue | Villager (Male) |
| 13:08 | Build | Farm |
| 13:16 | queue | Archer |
| 13:35 | Research | Double-Bit Axe |
| 13:35 | Research | Double-Bit Axe |
| 13:43 | Build | Farm |
| 13:49 | queue | Villager (Male) |
| 13:49 | queue | Villager (Male) |
| 14:01 | queue | Archer |
| 14:12 | Build | Farm |
| 14:16 | queue | Villager (Male) |
| 14:23 | queue | Villager (Male) |
| 14:31 | Research | Man-at-Arms (upgrade) |
| 14:35 | Build | Farm |
| 14:41 | queue | Archer |
| 14:47 | queue | Villager (Male) |
| 14:49 | Build | House |
| 14:57 | queue | Archer |
| 15:03 | queue | Villager (Male) |
| 15:06 | Build | Farm |
| 15:14 | Build | Farm |
| 15:22 | queue | Archer |
| 15:40 | queue | Villager (Male) |
| 15:43 | queue | Villager (Male) |
| 15:53 | Build | Watch Tower |
| 15:58 | queue | Villager (Male) |
| 16:00 | queue | Villager (Male) |
| 16:02 | Build | Mining Camp |
| 16:08 | Build | House |
| 16:10 | Research | Horse Collar |
| 16:19 | Build | House |
| 16:19 | Build | House |
| 16:23 | queue | Villager (Male) |
| 16:50 | Build | Watch Tower |
| 17:02 | Research | Padded Archer Armor |
| 17:13 | Build | Watch Tower |
| 17:16 | queue | Archer |
| 17:19 | Build | Farm |
| 17:19 | Build | Farm |
| 17:53 | queue | Villager (Male) |
Build order — stockfish
110 actions detected in the replay
| 0:00 | queue | Villager (Male) |
| 0:00 | queue | Villager (Male) |
| 0:01 | queue | Villager (Male) |
| 0:02 | Build | House |
| 0:03 | Build | House |
| 0:12 | queue | Villager (Male) |
| 1:24 | queue | Villager (Male) |
| 2:02 | Build | House |
| 2:06 | queue | Villager (Male) |
| 2:07 | queue | Villager (Male) |
| 2:29 | Build | Lumber Camp |
| 2:48 | Build | House |
| 3:00 | queue | Villager (Male) |
| 3:23 | queue | Villager (Male) |
| 3:46 | queue | Villager (Male) |
| 4:03 | queue | Villager (Male) |
| 4:30 | Build | Mill |
| 4:37 | queue | Villager (Male) |
| 4:37 | queue | Villager (Male) |
| 4:51 | queue | Villager (Male) |
| 5:24 | queue | Villager (Male) |
| 5:37 | queue | Villager (Male) |
| 5:45 | Build | Farm |
| 5:53 | Build | House |
| 6:03 | Build | Farm |
| 6:05 | queue | Villager (Male) |
| 6:36 | queue | Villager (Male) |
| 6:44 | Build | Farm |
| 6:51 | queue | Villager (Male) |
| 7:06 | Build | House |
| 7:27 | Build | Farm |
| 7:29 | queue | Villager (Male) |
| 7:38 | Build | Palisade Wall |
| 7:54 | queue | Villager (Male) |
| 8:03 | Build | Farm |
| 8:11 | Build | Palisade Wall |
| 8:23 | queue | Villager (Male) |
| 8:35 | Build | Farm |
| 8:40 | Build | Palisade Wall |
| 8:46 | Build | Palisade Wall |
| 8:49 | Research | Loom |
| 9:02 | Build | Mining Camp |
| 9:14 | queue | Villager (Male) |
| 9:20 | Build | Palisade Wall |
| 9:35 | Research | Feudal Age |
| 9:44 | Build | Palisade Wall |
| 9:47 | Build | Outpost |
| 10:25 | Build | House |
| 10:54 | Build | Barracks |
| 11:01 | Build | Palisade Wall |
| 11:02 | Build | Palisade Wall |
| 11:04 | Build | Palisade Wall |
| 11:08 | Build | Palisade Wall |
| 11:10 | Build | Palisade Wall |
| 11:12 | Build | Palisade Wall |
| 11:20 | Build | Palisade Wall |
| 11:23 | Build | Palisade Wall |
| 11:29 | Build | Palisade Wall |
| 11:33 | Build | Palisade Wall |
| 11:36 | Build | Palisade Wall |
| 11:41 | queue | Villager (Male) |
| 11:45 | Build | Palisade Wall |
| 11:50 | Age | Feudal Age |
| 11:51 | Build | Palisade Wall |
| 11:52 | queue | Villager (Male) |
| 11:55 | Build | Archery Range |
| 11:57 | Build | House |
| 12:19 | Research | Double-Bit Axe |
| 12:28 | queue | Villager (Male) |
| 12:48 | queue | Archer |
| 12:57 | Build | Palisade Wall |
| 13:01 | queue | Villager (Male) |
| 13:06 | queue | Archer |
| 13:10 | Build | Palisade Wall |
| 13:12 | Build | Palisade Wall |
| 13:15 | queue | Villager (Male) |
| 13:18 | Build | Farm |
| 13:24 | Research | Horse Collar |
| 13:43 | queue | Villager (Male) |
| 13:44 | Build | Farm |
| 13:45 | queue | Archer |
| 14:04 | Build | Palisade Wall |
| 14:06 | queue | Villager (Male) |
| 14:09 | Build | Farm |
| 14:12 | queue | Archer |
| 14:33 | Build | Palisade Wall |
| 14:39 | queue | Skirmisher |
| 14:40 | queue | Villager (Male) |
| 14:45 | Build | House |
| 14:58 | queue | Villager (Male) |
| 15:01 | Build | Farm |
| 15:10 | queue | Villager (Male) |
| 15:12 | Build | Watch Tower |
| 15:19 | Build | House |
| 15:21 | queue | Skirmisher |
| 15:38 | queue | Villager (Male) |
| 16:05 | Build | Blacksmith |
| 16:08 | queue | Villager (Male) |
| 16:10 | Build | Farm |
| 16:12 | queue | Skirmisher |
| 16:13 | queue | Skirmisher |
| 16:26 | queue | Skirmisher |
| 16:27 | queue | Villager (Male) |
| 16:31 | Build | Farm |
| 16:37 | queue | Skirmisher |
| 16:54 | Build | House |
| 16:58 | Research | Fletching |
| 17:14 | queue | Villager (Male) |
| 17:20 | Build | Watch Tower |
| 17:35 | queue | Skirmisher |
Match timeline
| 7:38 | stockfish · wall_segment Palisade Wall x3 |
| 7:47 | Darth Maul · first_building Barracks |
| 8:04 | Darth Maul · wall_segment Palisade Wall x1 |
| 8:11 | stockfish · wall_segment Palisade Wall x3 |
| 8:25 | Darth Maul · wall_segment Palisade Wall x2 |
| 8:40 | stockfish · wall_segment Palisade Wall x3 |
| 8:46 | stockfish · wall_segment Palisade Wall x1 |
| 9:14 | Darth Maul · wall_segment Palisade Wall x2 |
| 9:20 | stockfish · wall_segment Palisade Wall x8 |
| 9:32 | Darth Maul · age_up feudal |
| 9:33 | Darth Maul · first_building Archery Range |
| 9:44 | stockfish · wall_segment Palisade Wall x6 |
| 10:46 | Darth Maul · wall_segment Palisade Wall x1 |
| 10:46 | Darth Maul · wall_segment Palisade Wall x1 |
| 10:54 | stockfish · first_building Barracks |
| 11:01 | stockfish · wall_segment Palisade Wall x1 |
| 11:02 | stockfish · wall_segment Palisade Wall x1 |
| 11:04 | stockfish · wall_segment Palisade Wall x1 |
| 11:07 | Darth Maul · wall_segment Palisade Wall x1 |
| 11:08 | Darth Maul · wall_segment Palisade Wall x1 |
| 11:08 | stockfish · wall_segment Palisade Wall x1 |
| 11:09 | Darth Maul · wall_segment Palisade Wall x2 |
| 11:10 | stockfish · wall_segment Palisade Wall x1 |
| 11:10 | Darth Maul · wall_segment Palisade Wall x5 |
| 11:12 | stockfish · wall_segment Palisade Wall x1 |
| 11:20 | stockfish · wall_segment Palisade Wall x1 |
| 11:23 | stockfish · wall_segment Palisade Wall x1 |
| 11:29 | stockfish · wall_segment Palisade Wall x1 |
| 11:33 | stockfish · wall_segment Palisade Wall x1 |
| 11:36 | stockfish · wall_segment Palisade Wall x1 |
| 11:45 | stockfish · wall_segment Palisade Wall x1 |
| 11:46 | Darth Maul · wall_segment Palisade Wall x1 |
| 11:47 | Darth Maul · wall_segment Palisade Wall x3 |
| 11:47 | Darth Maul · wall_segment Palisade Wall x3 |
| 11:50 | stockfish · age_up feudal |
| 11:51 | stockfish · wall_segment Palisade Wall x1 |
| 11:55 | stockfish · first_building Archery Range |
| 12:09 | Darth Maul · wall_segment Palisade Wall x3 |
| 12:57 | stockfish · wall_segment Palisade Wall x3 |
| 13:10 | stockfish · wall_segment Palisade Wall x7 |
| 13:12 | stockfish · wall_segment Palisade Wall x3 |
| 14:04 | stockfish · wall_segment Palisade Wall x1 |
| 14:33 | stockfish · wall_segment Palisade Wall x8 |
| 18:09 | stockfish · resign |
[ AI ANALYSIS · 1 CREDIT ]
What really happened in this match?
Wolo.gg analyzes every decision: build order, eco, micro, common mistakes by bracket. Personalized analysis on WhatsApp or Discord in 30 seconds.
Civ guide
Romans
Perfil
Jugador #24922523